 Dungeon Crawl Stone Soup version 0.26-a0-1181-gd376ed14c5 (webtiles) character file.

Game seed: 629712627008609169

83 runemasterragnar the Skirmisher (level 4, -1/49 HPs)
             Began as an Ogre Monk on Dec 26, 2020.
             Slain by an orc
             ... wielding a +0 mace
              (7 damage)
             ... on level 3 of the Dungeon.
             The game lasted 00:02:03 (1620 turns).

runemasterragnar the Skirmisher (Ogre Monk)         Turns: 1620, Time: 00:02:04

Health: -1/49      AC:  3    Str: 15    XL:     4   Next: 44%
Magic:  5/6        EV: 11    Int: 12    God:
Gold:   69         SH:  0    Dex: 17    Spells: 5/5 levels left

rFire    . . .     SeeInvis .   a - +0 mace
rCold    . . .     Faith    .   (no shield)
rNeg     . . .     Spirit   .   b - +0 robe
rPois    .         Reflect  .   (helmet restricted)
rElec    .         Harm     .   (no cloak)
rCorr    .         Rampage  .   (gloves unavailable)
Will     +....                  (boots unavailable)
Stlth    ++........             (no amulet)
HPRegen  0.16/turn              c - ring of willpower
MPRegen  0.10/turn              i - +6 ring of dexterity

@: no status effects
A: large, unfitting armour, tough skin 1
a: no special abilities


You were on level 3 of the Dungeon.
You visited 1 branch of the dungeon, and saw 3 of its levels.

You collected 69 gold pieces.

Inventory:

Hand Weapons
 a - a +0 mace (weapon)
Armour
 b - a +0 robe (worn)
Jewellery
 c - a ring of willpower (left hand)
 i - a +6 ring of dexterity (right hand)
 k - an uncursed ring of flight {unknown}
Scrolls
 d - a scroll of random uselessness {unknown}
 e - a scroll of blinking {unknown}
 f - 3 scrolls of identify
 g - a scroll of magic mapping {unknown}
 l - a scroll of enchant weapon {unknown}
Potions
 j - a potion of haste


   Skills:
 + Level 4.5 Fighting
 * Level 3.4 Maces & Flails
 + Level 3.0 Dodging
 + Level 2.0 Stealth
 + Level 1.4 Spellcasting


You had 5 spell levels left.
You didn't know any spells.
Your spell library was empty.

Dungeon Overview and Level Annotations

Branches:
Dungeon (3/15)

Altars:


Innate Abilities, Weirdness & Mutations

You are too large for most types of armour.
You have tough skin. (AC +1)


Message History

Your Stealth skill increases to level 2!
You hit the orc but do no damage.
The orc is heavily wounded.
The orc hits you with a +0 mace!
You barely miss the orc.
The orc is heavily wounded.
The orc hits you with a +0 mace.
* * * LOW HITPOINT WARNING * * *
You closely miss the orc.
The orc is heavily wounded.
The orc barely misses you.
You closely miss the orc.
The orc is heavily wounded.
The orc hits you with a +0 mace!
* * * LOW HITPOINT WARNING * * *
Okay, then.
You hit the orc.
The orc is severely wounded.
The orc hits you with a +0 mace!
You die...

..... #...#
........#.## ...
.....#...... #.#
...........# #.#
......h..... #.#
.........#S# #.#
.......#.#.# #)#
.......#.#.# #@#
.....<...S.### #o#
.............###.#
.............†)..#
...........#.#####
....###......#
.... ####....#
.... ##....# ...#
##.#.#


You could see an orc.

Vanquished Creatures
  An orc wizard (D:3)
  An adder (D:3)
  An ooze (D:1)
  A dart slug (D:1)
  A leopard gecko (D:1)
  An orc (D:3)
  2 goblins
  2 hobgoblins (D:1)
  7 jackals
  5 kobolds (D:1)
  9 bats
  6 rats
37 creatures vanquished.

Notes
Turn   | Place    | Note
-------+----------+-------------------------------------------
     0 | D:1      | runemasterragnar the Ogre Monk began the quest for the Orb.
     0 | D:1      | Reached XP level 1. HP: 24/24 MP: 1/1
    79 | D:1      | Reached XP level 2. HP: 9/32 MP: 2/2
   726 | D:1      | Reached XP level 3. HP: 30/39 MP: 4/4
   746 | D:1      | Reached skill level 1 in Spellcasting
  1603 | D:3      | Reached XP level 4. HP: 32/49 MP: 5/5
  1620 | D:3      | Slain by an orc

Illustrated notes

Levels and vault maps discovered:
D:1:      dpeg_arrival_leaves_temple_mockup, layout_loops_ring
D:2:      kb_forest_paths, layout_basic, minmay_distorted, uniq_sigmund
D:3:      layout_rooms, old_standard_altar, gammafunk_ghost_arena,
          nicolae_qazlal_general_emergency, uniq_purgy

Skill      XL: |  1  2  3  4 |
---------------+-------------+-----
Maces & Flails | 3 |  3.4
Spellcasting   | 1 |  1.4
Dodging        | 3 |  3.0
Stealth        | 2 |  2.0
Fighting       | |  4.5

Action                   |  1- 3 |  4- 6 || total
-------------------------+-------+-------++-------
Melee: Mace              |   149 |    16 ||   165
  Use: Scroll            |     1 |       ||     1
       Potion            |     1 |       ||     1
 Stab: Sleeping          |     1 |       ||     1
Armor: Robe              |    63 |     1 ||    64
Dodge: Dodged            |   130 |     4 ||   134

Table legend: (Time is in decaauts)
 A = Elapsed time spent in this place.
 B = Non-inter-level travel time spent in this place.
 C = Inter-level travel time spent in this place.
 D = Time resting spent in this place.
 E = Time spent auto-exploring this place.
 F = Levels seen in this place.
 G = Mean time per level.
                   A        B        C        D        E       F      G
               +--------+--------+--------+--------+--------+-----+--------+
         Total |   1659 |   1641 |     18 |    352 |    939 |   3 |  553.0 |
       Dungeon |   1659 |   1641 |     18 |    352 |    939 |   3 |  553.0 |
               +--------+--------+--------+--------+--------+-----+--------+

Top non-repeatable levels by time:
     D:1: 1415 daAuts
     D:3: 213 daAuts
     D:2: 30 daAuts
